 Dungeon Crawl Stone Soup version 0.24.0-125-gc4c63601f3 (webtiles) character file.

Game seed: 9607823903010847854, levelgen mode: deterministic

12247 sseulegi the Arsonist (level 11, -1/72 HPs)
             Began as an Octopode Fire Elementalist on Mar 19, 2020.
             Was an Elder of Yredelemnul.
             Killed from afar by Fannar (46 damage)
             ... with a bolt of cold
             ... on level 11 of the Dungeon.
             The game lasted 01:59:17 (17738 turns).

sseulegi the Arsonist (Octopode Fire Elementalist) Turns: 17738, Time: 01:59:19

Health: -1/72      AC:  5    Str:  8    XL:     11   Next: 90%
Magic:  20/20      EV: 11    Int: 18    God:    Yredelemnul [****..]
Gold:   322        SH:  9    Dex: 15    Spells: 2/22 levels left

rFire    + + .     SeeInvis .   a - +8 hand axe of Subterfuge {chop, MR+}
rCold    x . .     Gourm    .   I - +0 shield {AC+3}
rNeg     . . .     Faith    .   (helmet restricted)
rPois    .         Spirit   .   (no amulet)
rElec    +         Reflect  .   j - ring of protection from fire
rCorr    .         Harm     .   x - +1 ring of protection
MR       +....                  F - ring of the Lotus Blossom {Fire rElec}
Stlth    ++++......             (no ring)
HPRegen  0.22/turn              (no ring)
MPRegen  0.17/turn              (no ring)
                                (no ring)
                                (no ring)

@: no status effects
A: almost no armour, stealthy swim, amphibious, 8 rings, constrict 8, camouflage
1, gelatinous body 1
a: Recall Undead Slaves, Injury Mirror, Animate Dead, Drain Life, Renounce
Religion


You were on level 11 of the Dungeon.
You worshipped Yredelemnul.
Yredelemnul was greatly pleased with you.
You were not hungry.

You visited 1 branch of the dungeon, and saw 11 of its levels.
You also visited: Ossuary.

You collected 667 gold pieces.
You spent 345 gold pieces at shops.

Inventory:

Hand Weapons
 a - the +8 hand axe of Subterfuge (weapon) {chop, MR+}
   (You bought it in a shop on level 4 of the Dungeon)

   It inflicts extra damage upon your enemies.
   It affects your resistance to hostile enchantments.
 b - a +2 scythe of venom
 g - a +0 whip of venom
Missiles
 q - 10 poisoned darts (quivered)
 s - 2 atropa-tipped darts
 E - 4 javelins
 K - a throwing net
Armour
 I - a +0 shield of protection (worn)
Magical Staves
 y - an uncursed staff of cold
Jewellery
 j - a ring of protection from fire (left tentacle)
 x - a +1 ring of protection (right tentacle)
 F - the ring of the Lotus Blossom (on tentacle) {Fire rElec}
   (You found it on level 10 of the Dungeon)

   [ring of fire]

   It enhances your fire magic.
   It protects you from fire.
   It makes you vulnerable to cold.
   It insulates you from electricity.
Wands
 k - a wand of enslavement (2)
 l - a wand of flame (7)
 G - a wand of paralysis (5)
 L - a wand of acid (10)
Scrolls
 d - 3 scrolls of fog
 f - a scroll of noise {unknown}
 m - 4 scrolls of enchant armour
 n - 5 scrolls of teleportation
 p - 4 scrolls of remove curse
 t - 3 scrolls of amnesia
 v - a scroll of vulnerability {unknown}
 w - 4 scrolls of enchant weapon
 B - a scroll of random uselessness {unknown}
 C - 3 scrolls of immolation
Potions
 c - 7 potions of curing
 e - a potion of heal wounds
 h - 2 potions of ambrosia
 i - 5 potions of might
 o - 4 potions of lignification
 r - a potion of flight {unknown}
 z - 2 potions of mutation
 A - a potion of brilliance {unknown}
 D - 2 potions of magic {unknown}
 H - a potion of invisibility {unknown}
Comestibles
 u - 25 rations


   Skills:
 - Level 5.8 Fighting
 - Level 6.6(7.5) Axes
 - Level 1.0(4.3) Maces & Flails
 - Level 4.9(6.5) Polearms
 - Level 3.0 Throwing
 - Level 2.0 Dodging
 - Level 4.3 Stealth
 + Level 4.7 Shields
 - Level 6.4 Spellcasting
 - Level 8.1 Conjurations
 - Level 0.3 Hexes
 - Level 1.4 Necromancy
 - Level 8.9 Fire Magic
 - Level 3.9 Invocations
 - Level 1.3 Evocations


You had 2 spell levels left.
You knew the following spells:

 Your Spells              Type           Power        Failure   Level  Hunger
a - Flame Tongue          Conj/Fire      #####        1%          1    None
b - Conjure Flame         Conj/Fire      ######..     3%          3    ##.....
c - Animate Skeleton      Necr           N/A          24%         1    None
d - Confusing Touch       Hex            #.....       36%         1    None
e - Sticky Flame          Conj/Fire      ######..     13%         4    ####...
f - Fireball              Conj/Fire      ######....   34%         5    #####..
g - Inner Flame           Hex/Fire       ####....     19%         3    ##.....
h - Apportation           Tloc           #.....       38%         1    None
i - Summon Small Mammal   Summ           #...         41%         1    None

Your spell library contained the following spells:

 Spells                   Type           Power        Failure   Level  Hunger
 Magic Dart               Conj           ####         1%          1    None
 Throw Flame              Conj/Fire      ######       1%          2    None
 Searing Ray              Conj           #####.       2%          2    None
 Iskenderun's Mystic Bla  Conj           #####...     16%         4    ####...
 Dazzling Spray           Conj/Hex       ###...       22%         3    ##.....
 Fulminant Prism          Conj/Hex       ###.......   58%         4    ####...
 Force Lance              Conj/Tloc      ###.....     63%         4    ####...
 Confuse                  Hex            #.......     75%         3    ##.....
 Gell's Gravitas          Tloc           #.........   77%         3    ##.....
 Petrify                  Tmut/Erth      #.......     99%         4    ####...
 Metabolic Englaciation   Hex/Ice        #.........   100%        5    #####..
 Yara's Violent Unravell  Hex/Tmut       #.........   100%        5    #####..


Dungeon Overview and Level Annotations

Branches:
Dungeon (11/15)            Temple (0/1) D:4            Lair (0/6) D:8
    Orc (0/2) D:10        Ossuary (visited)

Altars:
Dithmenos
Elyvilon
Fedhas
Hepliaklqana
Kikubaaqudgha
Makhleb
Okawaru
Sif Muna
Trog
Xom
Yredelemnul
Zin

Shops:
D:4 ((((?   D:5 ?   D:6 =   D:11 [

Annotations:
D:2 exclusion: downstairs
D:4 1 runed translucent door, kathalu's ghost, novice MiFi
D:5 exclusion: phantom
D:6 2 centaurs water surrounded, exclusion: skeleton
D:7 1 runed translucent door, exclusion: 3 downstairs, Crazy Yiuf
D:9 exclusion: downstairs
D:10 SergentPoivreBleu's ghost, novice MiFi
D:11 exclusions: cyclops and 2 wizards, Fannar


Innate Abilities, Weirdness & Mutations

You cannot wear most types of armour.
You are very stealthy in the water. (Stealth+)
You are amphibious.
You can wear up to eight rings at the same time.
You can use your tentacles to constrict eight enemies at once.
Your skin changes colour to match your surroundings (Stealth+).
Your rubbery body absorbs attacks. (AC +1, EV +1)


Message History

Yredelemnul accepts your kill.
q - 8 poisoned darts (gained 1)
q - 9 poisoned darts (gained 1)
q - 10 poisoned darts (gained 1)
You swap places.
Fannar the Cold-Hearted comes into view.
They are wielding a staff of cold and wearing a +1 robe of cold resistance.
Fannar glares icily.
Fannar mumbles some strange words.
Fannar drains the heat from the surrounding environment!
You feel a terrible chill!
You feel very cold.
Fannar is frozen.
Fannar resists.
Found 24 stones.
You swap places.
Fannar gestures at you while chanting.
The bolt of cold hits your ugly thing zombie.
Your ugly thing zombie resists.
The bolt of cold hits you!!!
You feel a terrible chill!
Ouch! That really hurt!
You die...
Your body rises from the dead as a mindless zombie.

##### ....# ###.#
###########
#.######.........##
#.................####
########.##...@Z.....#
#.##.####..##.# #.##.#
(e# #.##.# .... #
##.##.#.....##. ##
#...........# # .#
#..##.#...... #
#..##.# #.# # #..#


You could see Fannar and a friendly ugly thing zombie.

Vanquished Creatures
  A hydra (D:10)
  3 two-headed ogres
  Pikel (D:8)
  An ugly thing (D:11)
  Joseph (D:7)
  A yaktaur (D:11)
  2 trolls
  Prince Ribbit (D:9)
  A water elemental (D:11)
  Sigmund (D:3)
  A wraith (D:11)
  2 yaks (D:11)
  A wyvern (D:10)
  A hungry ghost (D:9)
  10 centaurs
  2 water moccasins
  2 ice beasts
  4 sky beasts
  An orc warrior (D:7)
  3 slaves (D:7)
  2 eyes of draining (D:4)
  2 wolves
  An ogre (D:8)
  3 elf zombies (Ossuary)
  3 big kobolds
  3 bullfrogs
  A scorpion (D:8)
  4 killer bees (D:7)
  6 wights
  5 howler monkeys
  An electric eel (D:8)
  5 jellies
  4 centaur zombies (Ossuary)
  2 crimson imps
  2 human zombies (Ossuary)
  An orc priest (D:10)
  9 hounds
  3 bullfrog skeletons
  A centaur skeleton (D:8)
  10 orc wizards
  4 iguanas
  5 worker ants
  Terence (D:3)
  A hound zombie (D:7)
  A hound skeleton (D:5)
  2 mummies
  Robin (D:2)
  16 gnolls
  8 adders
  5 shadow imps
  3 oozes
  3 adder skeletons
  An adder zombie (D:8)
  3 worms
  3 dart slugs
  5 leopard geckos
  36 orcs
  9 bats
  6 giant cockroaches
  18 goblins
  8 hobgoblins
  18 jackals
  7 quokkas
  A ball python (D:3)
  6 frilled lizards
  A jackal zombie (D:6)
  7 kobolds
  A quokka zombie (D:5)
  6 rats
294 creatures vanquished.

Vanquished Creatures (collateral kills)
  A centaur skeleton (D:11)
  A troll (D:10)
  2 dream sheep (D:10)
  A wraith (D:10)
  2 yaks (D:10)
  A water moccasin (D:10)
  A slave (D:7)
  4 orc warriors (D:10)
  3 ice beasts
  A centaur (D:10)
  2 big kobolds (D:10)
  Blork the orc (D:4)
  3 bullfrogs
  An elf zombie (Ossuary)
  A wyvern zombie (D:11)
  A scorpion (D:10)
  7 wights
  A crimson imp (D:9)
  A hound (D:10)
  An orc priest (D:10)
  4 orc wizards (D:10)
  2 worker ants (D:10)
  2 mummies (Ossuary)
  2 gnolls
  2 adders
  9 orcs
  4 jackals (D:10)
  2 quokkas (D:10)
  4 kobolds
67 creatures vanquished.

Vanquished Creatures (others)
  4 flying skulls (D:10)
  A wraith (D:11)
  A yaktaur zombie (D:11)
  A water moccasin skeleton (D:7)
  A troll zombie (D:10)
  3 centaur zombies
  A human zombie (D:7)
  A bullfrog zombie (D:9)
  An orc wizard (D:6)
  A big kobold zombie (D:10)
  2 hound zombies (D:7)
  A mummy (D:10)
  A howler monkey zombie (D:8)
  A worker ant zombie (D:7)
  3 orc skeletons
  An iguana zombie (D:7)
  An adder zombie (D:8)
  A gnoll zombie (D:11)
  2 kobold zombies (D:10)
  14 orc zombies
42 creatures vanquished.

Grand Total: 403 creatures vanquished

Notes
Turn   | Place    | Note
-------+----------+-------------------------------------------
     0 | D:1      | sseulegi the Octopode Fire Elementalist began the quest for
                  | the Orb.
     0 | D:1      | Reached XP level 1. HP: 11/11 MP: 3/3
   347 | D:1      | Reached XP level 2. HP: 16/17 MP: 5/5
   720 | D:1      | Reached XP level 3. HP: 12/21 MP: 0/6
   855 | D:1      | Learned a level 3 spell: Conjure Flame
  1777 | D:2      | Reached XP level 4. HP: 27/27 MP: 4/7
  1860 | D:2      | Learned a level 1 spell: Animate Skeleton
  1862 | D:2      | Learned a level 1 spell: Confusing Touch
  1907 | D:2      | Found a hazy altar of Hepliaklqana.
  2187 | D:2      | Reached skill level 1 in Fighting
  2324 | D:2      | Reached XP level 5. HP: 33/33 MP: 9/9
  2457 | D:2      | Noticed Robin
  2517 | D:2      | Killed Robin
  2817 | D:3      | Reached skill level 1 in Necromancy
  3033 | D:3      | Found an ancient bone altar of Kikubaaqudgha.
  3206 | D:3      | Noticed Sigmund
  3211 | D:3      | Killed Sigmund
  3211 | D:3      | Reached skill level 1 in Maces & Flails
  3211 | D:3      | Reached skill level 1 in Throwing
  3211 | D:3      | Reached XP level 6. HP: 30/38 MP: 10/10
  3612 | D:3      | Noticed Terence
  3641 | D:3      | Killed Terence
  3736 | D:3      | Learned a level 4 spell: Sticky Flame
  3908 | D:3      | Found a shimmering blue altar of Sif Muna.
  4436 | D:4      | Found a runed translucent door.
  4442 | D:4      | Noticed Blork the orc
  4545 | D:4      | Found a sand-covered staircase.
  4577 | Ossuary  | Entered an ossuary
  4645 | Ossuary  | Reached skill level 1 in Polearms
  4645 | Ossuary  | Reached XP level 7. HP: 43/43 MP: 7/12
  4979 | Ossuary  | Reached skill level 5 in Fire Magic
  4979 | Ossuary  | Reached XP level 8. HP: 38/50 MP: 9/13
  5144 | D:4      | Killed Blork the orc
  5300 | D:4      | Found Pugegej's Magic Scroll Shoppe.
  5314 | D:4      | Found a basalt altar of Yredelemnul.
  5322 | D:4      | Became a worshipper of Yredelemnul the Dark
  5407 | D:4      | Found a staircase to the Ecumenical Temple.
  5660 | D:4      | Found a bloodstained altar of Trog.
  5861 | D:4      | Found a glowing silver altar of Zin.
  5913 | D:4      | Found Ikon's Weapon Shoppe.
  5931 | D:4      | Found Yplyfegg's Weapon Emporium.
  6153 | D:4      | Noticed kathalu's ghost (novice MiFi)
  6202 | D:4      | Found Otwiaj's Antique Weapon Shop.
  6204 | D:4      | Found Sofridie's Antique Weapon Shoppe.
  6444 | D:5      | Entered Level 5 of the Dungeon
  6945 | D:5      | Found Cisiar's Magic Scroll Boutique.
  7577 | D:4      | Bought an ichor-stained hand axe for 184 gold pieces
  7577 | D:4      | Identified the +8 hand axe of Subterfuge {chop, MR+} (You
                  | bought it in a shop on level 4 of the Dungeon)
  7642 | D:5      | Reached XP level 9. HP: 57/57 MP: 9/15
  7940 | D:6      | Reached * piety under Yredelemnul
  7953 | D:6      | Found an iron altar of Okawaru.
  8037 | D:6      | Found Bedwos's Jewellery Shoppe.
  8270 | D:6      | Reached skill level 1 in Axes
  8270 | D:6      | Reached skill level 1 in Evocations
  8597 | D:7      | Reached skill level 5 in Conjurations
  8911 | D:7      | Found a runed translucent door.
  8912 | D:7      | Noticed Crazy Yiuf
  8992 | D:7      | Reached ** piety under Yredelemnul
  9232 | D:7      | Learned a level 5 spell: Fireball
  9717 | D:7      | Noticed Joseph
  9741 | D:7      | Killed Joseph
  9741 | D:7      | Reached skill level 1 in Invocations
 10142 | D:8      | Noticed Pikel
 10146 | D:8      | Noticed a troll
 10578 | D:7      | Reached XP level 10. HP: 24/63 MP: 17/17
 11532 | D:7      | Your ally Joseph died
 12073 | D:8      | Killed Pikel
 12073 | D:8      | Reached skill level 5 in Spellcasting
 12270 | D:8      | Found a staircase to the Lair.
 12422 | D:8      | Noticed a two-headed ogre
 12437 | D:8      | Killed a two-headed ogre
 12437 | D:8      | Reached skill level 5 in Axes
 12566 | D:8      | Reached skill level 5 in Fighting
 13134 | D:8      | Found a shadowy altar of Dithmenos.
 13238 | D:8      | Found a white marble altar of Elyvilon.
 13498 | D:8      | Learned a level 3 spell: Inner Flame
 13524 | D:9      | Noticed a two-headed ogre
 13534 | D:9      | Killed a two-headed ogre
 13534 | D:9      | Reached XP level 11. HP: 7/72 MP: 15/19
 13903 | D:9      | Found a blossoming altar of Fedhas.
 13943 | D:9      | Reached *** piety under Yredelemnul
 14130 | D:9      | Noticed a two-headed ogre
 14139 | D:9      | Killed a two-headed ogre
 14265 | D:9      | Found a burning altar of Makhleb.
 14266 | D:9      | Found a shimmering altar of Xom.
 14501 | D:9      | Noticed Prince Ribbit
 14609 | D:9      | Killed Prince Ribbit
 14840 | D:10     | Entered Level 10 of the Dungeon
 14864 | D:10     | Found a runed translucent gate.
 14864 | D:10     | Found a runed translucent gate.
 14877 | D:10     | Received a gift from Yredelemnul (2 flying skulls)
 15228 | D:10     | Found a runed translucent gate.
 15271 | D:10     | Received a gift from Yredelemnul (a mummy)
 15363 | D:10     | Noticed a three-headed hydra
 15369 | D:10     | Killed a three-headed hydra
 15421 | D:10     | Received a gift from Yredelemnul (2 flying skulls)
 16043 | D:10     | Reached **** piety under Yredelemnul
 16334 | D:10     | Noticed SergentPoivreBleu's ghost (novice MiFi)
 16377 | D:10     | Found a staircase to the Orcish Mines.
 16434 | D:10     | Learned a level 1 spell: Apportation
 16558 | D:10     | Got a crude brass ring
 16583 | D:9      | Identified the ring of the Lotus Blossom {Fire rElec} (You
                  | found it on level 10 of the Dungeon)
 16617 | D:11     | Noticed a wizard
 16618 | D:11     | Noticed a wizard
 16708 | D:11     | Noticed a cyclops
 16740 | D:11     | Found Myitac's Armour Boutique.
 16747 | D:11     | Bought a +0 shield of protection for 161 gold pieces
 16786 | D:11     | Reached skill level 1 in Shields
 16786 | D:11     | Received a gift from Yredelemnul (a wraith)
 17406 | D:11     | Learned a level 1 spell: Summon Small Mammal
 17628 | D:11     | Noticed a cyan ugly thing
 17639 | D:11     | Killed a cyan ugly thing
 17737 | D:11     | Noticed Fannar
 17738 | D:11     | Killed from afar by Fannar

Levels and vault maps discovered:
D:1:      lemuel_arrival_tunnels, layout_rooms, minivault_19
D:2:      layout_basic, lemuel_crystal_altar, first_ration, minmay_box_of_dots,
          uniq_robin
D:3:      layout_loops_ring, lemuel_doored_altar, lemuel_round_altar,
          uniq_terence, uniq_sigmund
D:4:      layout_loops_corners, zin_statuary, nicolae_overflow_crystal_walls,
          trog_eyes_of_draining, minmay_temple_entry_gardened_gates,
          gup_ossuary_entry_pyramid, serial_shops, kennysheep_mini_moat, shop,
          shop, shop_fountains, shop, gammafunk_ghost_grave, minmay_unequal,
          uniq_blork_the_orc
D:5:      layout_loops_ring, serial_shops, shop
D:6:      nicolae_whirlpool, layout_rooms, okawaru_ov_weapons_minmay,
          serial_shops, nicolae_shop_behind_doors
D:7:      layout_basic, uniq_joseph, uniq_crazy_yiuf_cottage
D:8:      layout_basic, lemuel_round_altar, kennysheep_little_box,
          erik_lair_island, uniq_pikel
D:9:      layout_irregular_city, grunt_temple_overflow_champion_of_chaos,
          lemuel_round_altar, uniq_prince_ribbit1
D:10:     layout_rooms, david_orc_4, gammafunk_ghost_spectres, hangedman_ranch
          [blue_anna_fruit_fields], minmay_misc_feat_more_columns,
          minmay_misc_feat_columns
D:11:     fort_yaktaur, layout_loops_ring, serial_shops, shop,
          bh_hangedman_babel_library, uniq_fannar

Skill      XL: |  1  2  3  4  5  6  7  8  9 10 11 |
---------------+----------------------------------+-----
Stealth        | 3 4 |  4.3
Fighting       | 1 2 3 4 5 |  5.8
Fire Magic     | 4 5 6 7 8 |  8.9
Necromancy     | 1 |  1.4
Maces & Flails | 1 |  1.0
Throwing       | 1 2 3 |  3.0
Spellcasting   | 3 4 5 6 |  6.4
Conjurations   | 2 3 4 5 7 8 |  8.1
Polearms       | 1 3 4 |  4.9
Axes           | 3 5 6 |  6.6
Evocations     | 1 |  1.3
Invocations    | 1 3 |  3.9
Shields        | 4 |  4.7
Dodging        | |  2.0
Hexes          | |  0.3

Action                   |  1- 3 |  4- 6 |  7- 9 | 10-12 || total
-------------------------+-------+-------+-------+-------++-------
Melee: Unarmed           |    82 |     2 |       |       ||    84
       Constrict         |    22 |    28 |    44 |    41 ||   135
       Tentacles         |    13 |    18 |    33 |    33 ||    97
       Whip              |       |    78 |       |       ||    78
       Scythe            |       |    39 |    92 |    39 ||   170
       Hand axe          |       |       |   116 |   204 ||   320
Throw: Dart              |    17 |    17 |    14 |    14 ||    62
       Javelin           |       |     5 |    11 |       ||    16
       Boomerang         |       |       |    16 |       ||    16
 Cast: Flame Tongue      |    22 |    16 |    30 |    94 ||   162
       Conjure Flame     |     3 |     4 |    13 |    14 ||    34
       Animate Skeleton  |       |    23 |    13 |    19 ||    55
       Confusing Touch   |       |     4 |       |     1 ||     5
       Sticky Flame      |       |       |     1 |     3 ||     4
       Fireball          |       |       |       |     3 ||     3
       Apportation       |       |       |       |     2 ||     2
       Summon Small Mamm |       |       |       |     1 ||     1
Invok: Animate Remains   |       |       |    10 |     8 ||    18
       Animate Dead      |       |       |       |    13 ||    13
       Recall Undead Sla |       |       |       |     3 ||     3
Evoke: Wand              |       |       |    15 |     3 ||    18
  Use: Scroll            |       |     6 |     7 |     3 ||    16
       Potion            |       |       |     1 |     4 ||     5
 Stab: Sleeping          |     4 |    13 |     9 |     2 ||    28
       Distracted        |       |     1 |       |     3 ||     4
       Betrayed ally     |       |       |       |     1 ||     1
  Eat: Chunk             |     3 |    10 |    13 |    18 ||    44
       Ration            |       |       |     3 |     4 ||     7
Armor: Skin              |     7 |     5 |    18 |    20 ||    50
Dodge: Dodged            |    61 |    69 |   119 |   137 ||   386
Block: Shield            |       |       |       |     6 ||     6
